 Dungeon Crawl Stone Soup version 0.31-a0-358-gac0dbeb3ab (webtiles) character file.

Game seed: 11237196125120502526

71 Maedhros the Insei (level 4, 0/28 HPs)
             Began as an Octopode Artificer on July 25, 2023.
             Slain by an orc
             ... wielding a +0 morningstar
              (10 damage)
             ... on level 3 of the Dungeon.
             The game lasted 00:01:10 (1929 turns).

Maedhros the Insei (Octopode Artificer)             Turns: 1929, Time: 00:01:11

Health: 0/28       AC:  1    Str: 11    XL:     4   Next: 24%
Magic:  4/4        EV: 13    Int: 13    God:
Gold:   179        SH:  0    Dex: 14    Spells: 3/3 levels left

rFire   . .          .
                       - Unarmed
rCold   . . .        (no shield)
rNeg    . . .        (helmet restricted)
rPois   .            (no amulet)
rElec   .            (no ring)
rCorr   .            (no ring)
SInv    .            (no ring)
Will    .....        (no ring)
Stlth   +++          (no ring)
HPRegen 0.24/turn    (no ring)
MPRegen 0.09/turn    (no ring)
                     (no ring)

%: no passive effects
@: no status effects
A: almost no armour, amphibious, 8 rings, camouflage 1, gelatinous body 1,
(nimble swimmer 1), tentacles
a: no special abilities


You were on level 3 of the Dungeon.
You visited 1 branch of the dungeon, and saw 3 of its levels.

You collected 179 gold pieces.

Inventory:

Wands
 b - a wand of flame (15) (quivered)
 c - a wand of charming (15)
 d - a wand of iceblast (5)
Scrolls
 a - a scroll of fog {unknown}
 e - 2 scrolls of identify {unknown}
 f - 2 scrolls of amnesia {unknown}
 g - 2 scrolls of teleportation {unknown}
 j - a scroll of fear {unknown}
 k - a scroll of enchant weapon {unknown}
 l - a scroll of acquirement {unknown}
 n - a scroll of brand weapon {unknown}
Potions
 h - 5 potions of curing {unknown}
 i - a potion of might {unknown}
 m - a potion of invisibility {unknown}


   Skills:
 - Level 1.0 Fighting
 - Level 2.3 Dodging
 - Level 1.3 Stealth
 + Level 3.7 Unarmed Combat
 - Level 3.2 Evocations


You had 3 spell levels left.
You didn't know any spells.
Your spell library contained the following spells:

 Spells                   Type           Power      Damage    Failure   Level
 Summon Small Mammal      Summ           0%         N/A       30%         1
 Ensorcelled Hibernation  Hex/Ice        0%         N/A       43%         2
 Static Discharge         Conj/Air       0%         2-2/arc   43%         2
 Call Canine Familiar     Summ           0%         N/A       67%         3
 Summon Guardian Golem    Hex/Summ       0%         N/A       67%         3
 Airstrike                Air            0%         2d(0-16)  97%         4
 Anguish                  Hex/Necr       0%         N/A       97%         4
 Olgreb's Toxic Radiance  Pois           0%         N/A       97%         4
 Summon Lightning Spire   Summ/Air       0%         N/A       97%         4
 Discord                  Hex            0%         N/A       100%        8
 Ignition                 Fire           0%         3d3       100%        8


Dungeon Overview and Level Annotations

Branches:
Dungeon (3/15)

Altars:


Innate Abilities, Weirdness & Mutations

You cannot wear most types of armour.
You are amphibious.
You can wear up to eight rings at the same time.
Your skin changes colour to match your surroundings (Stealth+).
Your rubbery body absorbs attacks. (AC +1, EV +1)
((You are camouflaged when in or above water. (Stealth+)))
You have tentacles for arms and can constrict up to eight enemies at once.


Message History

You tentacle-slap the endoplasm.
The endoplasm is heavily wounded.
The endoplasm hits you.
An endoplasm is nearby!
You tentacle-slap the endoplasm but do no damage.
You squeeze the endoplasm, but do no damage.
The endoplasm is heavily wounded.
An endoplasm is nearby!
An endoplasm is nearby!
You barely miss the endoplasm. You squeeze the endoplasm.
You kill the endoplasm!
An orc comes into view. It is wielding a +0 short sword.
The orc shouts!
You see here an orange potion.
An orc comes into view. It is wielding a +0 club.
There are monsters nearby!
There are monsters nearby!
An orc comes into view. It is wielding a +0 club.
There are monsters nearby!
An orc comes into view. It is wielding a +0 morningstar.
The orc hits you with a +0 short sword.
There are monsters nearby!
You closely miss the orc.
The orc shouts!
You grab the orc. You squeeze the orc!
You kill the orc!
You tentacle-slap the orc. You grab the orc. You tentacle-slap the orc.
You kill the orc!
An orc comes into view. It is wielding a +0 short sword.
The orc completely misses you. The orc hits you with a +0 morningstar.
Items here: )) ††.
You barely miss the orc.
The orc shouts!
You grab the orc. You constrict the orc. The orc hits you with a +0 club.
The orc hits you with a +0 morningstar!
You tentacle-slap the orc. You squeeze the orc, but do no damage.
The orc is moderately wounded.
You constrict the orc. The orc hits you with a +0 club.
The orc hits you with a +0 morningstar!
You die...

#. #.....# #....#.
#. #...### #....#.
#..###...# .
#....##
#........##### ..
#....##
###..........# ...
#######
#..........# .... #
#..........# .....
#
######'######......
# #....!...@oo.# #
#.........o..#
#####
#..........(.#
#....
#............#
#....
#............#
#....
##############
#.... #.... #....
#....


You could see 3 orcs.

Vanquished Creatures
  A gnoll (D:1)
  An adder (D:2)
  2 dart slugs
  3 orcs (D:3)
  4 ball pythons
  8 endoplasms
  A giant cockroach (D:3)
  5 goblins
  A hobgoblin (D:2)
  3 kobolds
  A quokka (D:2)
  6 bats
  4 frilled lizards
  5 rats
45 creatures vanquished.

Notes
Turn   | Place    | Note
-------+----------+-------------------------------------------
     0 | D:1      | Maedhros the Octopode Artificer began the quest for the
                  | Orb.
     0 | D:1      | Reached XP level 1. HP: 13/13 MP: 1/1
    21 | D:1      | Reached skill level 1 in Unarmed Combat
    33 | D:1      | Reached XP level 2. HP: 9/18 MP: 2/2
   303 | D:1      | Reached XP level 3. HP: 12/23 MP: 3/3
   746 | D:2      | Found a faded altar of an unknown god.
  1473 | D:3      | Reached XP level 4. HP: 28/28 MP: 4/4
  1929 | D:3      | Slain by an orc

Illustrated notes

Levels and vault maps discovered:
D:1:      heliophobic_arrival_henge, layout_loops_ring
D:2:      layout_basic, hellmonk_ecumenical_altar_run_dry
D:3:      layout_basic

Skill      XL: |  1  2  3 |
---------------+----------+-----
Unarmed Combat | 1 2 3 |  3.7
Fighting       | |  1.0
Dodging        | |  2.3
Stealth        | |  1.3
Evocations     | |  3.2

Action                     |  1- 3 |  4- 6 || total
---------------------------+-------+-------++-------
  Melee: Unarmed           |    78 |    20 ||    98
         Constrict         |    15 |     7 ||    22
         Tentacles         |    15 |     7 ||    22
         Punch             |     1 |     1 ||     2
   Stab: Sleeping          |     9 |     3 ||    12
         Distracted        |       |     1 ||     1
 Armour: Skin              |     6 |       ||     6
  Dodge: Dodged            |    62 |     8 ||    70

Table legend: (Time is in decaauts)
 A = Elapsed time spent in this place.
 B = Non-inter-level travel time spent in this place.
 C = Inter-level travel time spent in this place.
 D = Time resting spent in this place.
 E = Time spent auto-exploring this place.
 F = Levels seen in this place.
 G = Mean time per level.
                   A        B        C        D        E       F      G
               +--------+--------+--------+--------+--------+-----+--------+
         Total |   1923 |   1850 |     73 |      0 |   1522 |   3 |  641.0 |
       Dungeon |   1923 |   1850 |     73 |      0 |   1522 |   3 |  641.0 |
               +--------+--------+--------+--------+--------+-----+--------+

Top non-repeatable levels by time:
     D:1: 717 daAuts
     D:2: 690 daAuts
     D:3: 515 daAuts
